AoeStats
← AncientLyre

African Clearing

510830482Analyzed
4v4 RM · 22h ago on Oct 2, 2026· 72m 31s· 8 players
Game mode
Random Map
Map size
Large (8 player)
Population
200
Speed
Normal
Resources
Standard
Victory
Conquest
Starting age
Dark Age
Ending age
Imperial Age
RankedLock teamsTeams togetherTeam positionsShared explorationLock speedFull tech treeHidden civsTurbo modeCheats
Victory
Defeat
🇲🇪 Vietnamese · Montenegro
1284
+14
🇲🇪 Khmer · Montenegro
1282
+14
🇲🇪 Varangians · Montenegro
1276
+14
🇲🇪 Franks · Montenegro
1260
+16
🇬🇧 Chinese · United Kingdom
1373
-19
🇮🇪 Maya · Ireland
1227
-14
🇬🇧 Varangians · United Kingdom
1223
-14
🇬🇧 Danes · United Kingdom
1152
-11
GreyZepher
14:55 Feudal Age
18:36 Castle Age
17:24 Double-Bit Axe
18:33 Loom
19:18 Horse Collar
20:08 Heavy Plow
20:21 Bow Saw
28:51 Wheelbarrow
30:36 Hand Cart
34:19 Imperial Age
32:27 Fletching
33:41 Bodkin Arrow
34:07 Padded Archer Armor
35:50 Leather Archer Armor
36:05 Conscription
35:48 Bracer
35:56 Gold Mining
37:54 Ring Archer Armor
38:13 Coinage
39:17 Two-Man Saw
38:48 Elite Plumed Archer
39:42 Pikeman
40:23 Squires
41:11 Banking
40:50 Scale Mail Armor
40:35 Halberdier
41:26 Thumb Ring
42:15 Chain Mail Armor
44:12 Chemistry
43:32 Ballistics
45:41 Eagle Warrior
46:33 Forging
46:53 Plate Mail Armor
48:13 Iron Casting
47:58 Fortified Wall
47:38 Elite Eagle Warrior
53:15 Holcans
54:42 Blast Furnace
54:30 Crop Rotation
55:50 Stone Mining
AncientLyre
8:52 Loom
13:06 Feudal Age
14:21 Double-Bit Axe
15:46 Wheelbarrow
17:40 Wheelbarrow
17:00 Gold Mining
20:28 Castle Age
19:00 Stone Mining
21:22 Bow Saw
21:30 Hand Cart
23:13 Forging
23:03 Scale Mail Armor
23:12 Squires
29:48 Iron Casting
29:02 Horse Collar
31:08 Gambesons
34:39 Gold Shaft Mining
40:18 Imperial Age
39:34 Chain Mail Armor
41:35 Arson
43:11 Elite Varangian Guard
48:16 Plate Mail Armor
48:47 Blast Furnace
56:37 Elite Skirmisher
57:22 Thumb Ring
57:27 Fletching
57:37 Padded Archer Armor
58:41 Bodkin Arrow
59:58 Bracer
60:13 Leather Archer Armor
60:34 Ballistics
61:15 Chemistry
63:01 Ring Archer Armor
64:21 Pikeman
68:22 Halberdier
Groundskeeper Willie
4:20 Loom
14:50 Feudal Age
19:35 Castle Age
17:58 Double-Bit Axe
17:57 Horse Collar
21:21 Bow Saw
23:49 Pikeman
29:01 Scale Mail Armor
34:36 Forging
38:12 Town Watch
39:02 Wheelbarrow
41:22 Scale Barding Armor
42:31 Iron Casting
43:49 Chain Barding Armor
46:20 Imperial Age
43:52 Vendel Legacy
45:12 Chain Mail Armor
44:50 Fletching
45:42 Husbandry
46:18 Bloodlines
46:32 Bodkin Arrow
47:29 Ballistics
46:56 Cavalier
48:40 Conscription
47:41 Elite Jarl
51:26 Two-Man Saw
55:08 Masonry
56:32 Coinage
60:31 Light Cavalry
63:52 Blast Furnace
68:12 Padded Archer Armor
69:07 Hand Cart
68:31 Hussar
Hoppsywins
3:00 Loom
12:14 Feudal Age
12:54 Double-Bit Axe
16:06 Horse Collar
19:06 Forging
24:14 Castle Age
24:10 Bloodlines
24:16 Scale Barding Armor
25:22 Chain Barding Armor
25:07 Light Cavalry
29:11 Stone Mining
34:03 Fletching
37:13 Wheelbarrow
45:41 Imperial Age
44:54 Bodkin Arrow
45:32 Padded Archer Armor
46:02 Ballistics
45:44 Cavalier
46:48 Conscription
46:30 Bracer
47:32 Chemistry
47:32 Plate Barding Armor
47:51 Conscription
48:11 Iron Casting
47:56 Leather Archer Armor
48:02 Masonry
49:02 Elite Chu Ko Nu
50:10 Hand Cart
49:41 Town Watch
58:21 Caravan
59:41 Husbandry
67:30 Blast Furnace
67:01 Ring Archer Armor
Emp
10:15 Loom
12:58 Feudal Age
14:54 Bloodlines
19:45 Scale Barding Armor
19:50 Forging
23:49 Castle Age
22:37 Double-Bit Axe
24:32 Wheelbarrow
23:42 Town Watch
24:35 Gold Mining
24:44 Stone Mining
24:45 Gold Mining
27:14 Chain Barding Armor
34:37 Horse Collar
35:12 Bow Saw
36:32 Hand Cart
40:40 Imperial Age
39:10 Vendel Legacy
41:00 Iron Casting
40:52 Heavy Plow
41:46 Conscription
42:50 Plate Barding Armor
44:39 Blast Furnace
44:46 Fletching
44:26 Elite Jarl
46:07 Stone Shaft Mining
47:45 Gothikon
48:45 Elite Varangian Guard
49:10 Arson
49:26 Squires
49:11 Gambesons
49:32 Scale Mail Armor
51:20 Chain Mail Armor
60:30 Pikeman
62:02 Halberdier
64:09 Husbandry
67:23 Light Cavalry
70:29 Hussar
Djokara
13:43 Feudal Age
11:58 Loom
19:19 Castle Age
17:21 Fletching
17:35 Double-Bit Axe
19:56 Crossbowman
24:43 Bodkin Arrow
30:02 Padded Archer Armor
35:19 Ballistics
36:07 Wheelbarrow
36:13 Thumb Ring
43:09 Imperial Age
41:26 Leather Archer Armor
43:43 Arbalester
44:25 Bracer
44:56 Ring Archer Armor
46:37 Chemistry
Mićaš
7:28 Loom
13:47 Feudal Age
17:57 Double-Bit Axe
20:16 Castle Age
21:55 Scale Barding Armor
24:02 Husbandry
24:53 Forging
27:45 Chain Barding Armor
29:24 Iron Casting
29:12 Bow Saw
30:43 Wheelbarrow
31:13 Gold Mining
39:30 Imperial Age
37:16 Hand Cart
38:56 Gold Shaft Mining
39:31 Town Watch
39:33 Cavalier
41:30 Plate Barding Armor
42:54 Blast Furnace
42:19 Paladin
48:00 Light Cavalry
69:06 Conscription
strokac
4:37 Loom
12:26 Feudal Age
15:08 Forging
15:13 Bloodlines
15:20 Bloodlines
15:25 Bloodlines
16:33 Scale Barding Armor
20:22 Horse Collar
23:30 Castle Age
21:59 Double-Bit Axe
25:38 Wheelbarrow
25:11 Husbandry
26:03 Town Watch
27:40 Gold Mining
32:54 Ballistics
36:27 Imperial Age
34:09 Tusk Swords
35:15 Chain Barding Armor
37:35 Iron Casting
36:45 Cavalier
39:22 Chemistry
38:36 Masonry
40:32 Conscription
41:33 Padded Archer Armor
41:23 Fletching
42:09 Plate Barding Armor
42:35 Blast Furnace
43:11 Light Cavalry
48:16 Stone Mining
48:52 Hand Cart
48:43 Heavy Plow
49:29 Gold Shaft Mining
50:00 Hoardings
49:09 Elite Ballista Elephant
51:27 Bodkin Arrow
51:47 Leather Archer Armor
50:56 Hussar
54:08 Ring Archer Armor
53:38 Bracer
55:38 Bracer
55:46 Double Crossbow
56:02 Heated Shot
Connection lost

Rejoining the realm…

Still unreachable

The connection could not be restored.

Session expired

The server has moved on; the page needs a fresh start.